 Dungeon Crawl Stone Soup version 0.14.0-26-g1682e81 (webtiles) character file.

251 Leibowitz the Cutter (level 5, 0/33 HPs)
             Began as a Kobold Berserker on Apr 26, 2014.
             Was a Believer of Trog.
             Slain by a worm (10 damage)
             ... on Level 3 of the Dungeon.
             The game lasted 00:06:24 (2477 turns).

Leibowitz the Cutter (Kobold Berserker)             Turns: 2477, Time: 00:06:25

HP   0/33        AC  3     Str 17      XL: 5   Next: 52%
MP   5/5         EV 14     Int  5      God: Trog [**....]
Gold 107         SH  0     Dex 15      Spells:  0 memorised,  4 levels left

rFire  . . .     SeeInvis +     a - +3,+1 dagger
rCold  . . .     Clarity  .     g - +0 leather armour
rNeg   . . .     Conserve .     (no shield)
rPois  .         rCorr    .     (no helmet)
rElec  .         rRot     .     (no cloak)
SustAb . .       Spirit   .     (no gloves)
rMut   .         Warding  .     (no boots)
Saprov + + .     Stasis   .     (no amulet)
MR     .....                    (no ring)
                                k - ring of see invisible {unknown}

@: not resistant to hostile enchantments, stealthy
A: disease resistance, carnivore 3, saprovore 2
a: Burn Spellbooks, Berserk, Trog's Hand, Renounce Religion


You were on level 3 of the Dungeon.
You worshipped Trog.
Trog was pleased with you.
You were not hungry.

You visited 1 branch of the dungeon, and saw 3 of its levels.

You collected 107 gold pieces.

Inventory:

Hand weapons
 a - a +3,+1 dagger (weapon)
 h - a +0,+0 short sword
Missiles
 i - a throwing net (quivered)
Armour
 g - a +0 leather armour (worn)
Comestibles
 c - a meat ration
Scrolls
 b - 4 scrolls of identify {unknown}
 f - a scroll of teleportation {unknown}
 l - 2 scrolls of remove curse {unknown}
 m - a scroll of amnesia {unknown}
Jewellery
 k - a ring of see invisible (left hand) {unknown}
 o - an uncursed amulet of clarity {unknown}
Potions
 d - a potion of resistance
 e - a potion of brilliance
 j - a potion of curing
Books
 n - a book of Fire

   Spells                             Type                      Level
   Fire Brand                         Charms/Fire                  2
   Ignite Poison                      Fire/Transmutation           5
   Fireball                           Conjuration/Fire             5
   Bolt of Fire                       Conjuration/Fire             6
   Delayed Fireball                   Conjuration/Fire             7
   Ring of Flames                     Charms/Fire                  7
   Trog disapproves of the use of such an item.


   Skills:
 + Level 4.1 Fighting
 + Level 4.7 Short Blades
 + Level 2.0 Armour
 + Level 3.4 Dodging
 * Level 3.9 Stealth


You had 4 spell levels left.
You didn't know any spells.

Dungeon Overview and Level Annotations

Branches:
Dungeon (3/15)

Altars:


Innate Abilities, Weirdness & Mutations

You recuperate from illness quickly.
You are small and have problems with some larger weapons.
You are carnivorous and can eat meat at any time.
You can eat rotten meat.


Message History

The worm is heavily wounded.
The worm closely misses you.
You hit the worm.
The worm is severely wounded.
You hit the worm.
The worm is severely wounded.
The worm misses you.
You barely miss the worm.
The worm is severely wounded.
You hit the worm.
The worm is almost dead.
You hit the worm but do no damage.
The worm is almost dead.
The worm bites you but does no damage.
You hit the worm.
The worm is almost dead.
You hit the worm.
The worm is almost dead.
The worm bites you!
You die...

#+######........#
..........###.####
..........'...#
..........#####
..............##
...............#
..##...........#
#.......w...#+###
+.......@.........
#......##.........
#...#####(........
......Kw..!..#+####
.............#
............#
...........#
.........#
....$...#


You could see a worm.

Vanquished Creatures
  Terence (D:2)
  4 gnolls (D:2)
  3 adders
  An inept item mimic (D:2)
  2 worms (D:2)
  2 giant geckos (D:2)
  An ooze (D:2)
  5 bats
  5 giant cockroaches
  4 hobgoblins
  A quokka (D:2)
  7 goblins
  6 kobolds
  5 rats
47 creatures vanquished.

Notes
Turn   | Place    | Note
--------------------------------------------------------------
     0 | D:1      | Leibowitz, the Kobold Berserker, began the quest for the Orb.
     0 | D:1      | Reached XP level 1. HP: 14/14 MP: 1/1
   340 | D:1      | Reached XP level 2. HP: 9/19 MP: 2/2
   461 | D:1      | Reached skill level 1 in Stealth
   942 | D:2      | Acquired Trog's second power
  1031 | D:2      | Noticed Terence
  1042 | D:2      | Killed Terence
  1042 | D:2      | Reached XP level 3. HP: 16/24 MP: 3/3
  1404 | D:2      | Reached XP level 4. HP: 29/29 MP: 4/4
  1726 | D:2      | Reached XP level 5. HP: 6/33 MP: 5/5
  2477 | D:3      | Slain by a worm

Action                   |  1- 3 |  4- 6 || total
-------------------------+-------+-------++-------
Melee: Short sword       |    44 |       ||    44
       Dagger            |    76 |   178 ||   254
Throw: Throwing net      |     1 |       ||     1
Invok: Berserk           |       |     1 ||     1
  Use: Potion            |       |     5 ||     5
 Stab: Held in net/web   |     2 |       ||     2
       Sleeping          |       |     2 ||     2
